 Dungeon Crawl Stone Soup version 0.27.1-1-g398f81649c (webtiles) character file.

Game seed: 13397067182313622729

996 Metae the Skirmisher (level 8, -2/70 HPs)
             Began as a Hill Orc Fighter on Sept 17, 2021.
             Was an Initiate of Beogh.
             Slain by a two-headed ogre (16 damage)
             ... on level 5 of the Dungeon.
             The game lasted 00:20:23 (5459 turns).

Metae the Skirmisher (Hill Orc Fighter)             Turns: 5459, Time: 00:20:24

Health: -2/70      AC: 11    Str: 21    XL:     8   Next: 19%
Magic:  10/10      EV:  8    Int:  8    God:    Beogh [......]
Gold:   326        SH: 10    Dex: 10    Spells: 7/7 levels left

rFire    . . .     SeeInvis .   a - +0 war axe (spect)
rCold    . . .     Faith    .   c - +0 kite shield
rNeg     . . .     Spirit   .   b - +0 scale mail
rPois    .         Reflect  .   s - +0 helmet
rElec    .         Harm     .   t - +0 cloak
rCorr    .         Rampage  .   (no gloves)
Will     .....                  l - +0 pair of boots
Stlth    ..........             (no amulet)
HPRegen  0.21/turn              g - +4 ring of slaying
MPRegen  0.12/turn              (no ring)

@: no status effects
A: no striking features
a: Renounce Religion


You were on level 5 of the Dungeon.
You worshipped Beogh.
Beogh was noncommittal.
You visited 1 branch of the dungeon, and saw 5 of its levels.
You also visited: Ossuary.

You collected 326 gold pieces.

Inventory:

Hand Weapons
 a - a +0 spectral war axe (weapon)
 d - the +3 quarterstaff "Rilab" {flame, +Rage Int+2}
   (You found it on level 4 of the Dungeon)

   It burns those it strikes, dealing additional fire damage.
   Int:       It affects your intelligence (+2).
   +Rage:     It lets you go berserk.
 C - a +3 spear of freezing
Missiles
 e - 2 silver boomerangs (quivered)
 o - a throwing net
 x - 7 javelins
Armour
 b - a +0 scale mail (worn)
 c - a +0 kite shield (worn)
 l - a +0 pair of boots (worn)
 r - a scarf of invisibility
 s - a +0 helmet (worn)
 t - a +0 cloak (worn)
Jewellery
 g - a +4 ring of slaying (left hand)
Scrolls
 j - a scroll of magic mapping
 p - 3 scrolls of teleportation
 q - 3 scrolls of enchant armour
 v - a scroll of silence
 w - 2 scrolls of fog
 B - a scroll of noise
Potions
 f - 4 potions of curing
 h - 3 potions of brilliance {unknown}
 i - a potion of berserk rage {unknown}
 m - a potion of attraction {unknown}
 n - 3 potions of flight {unknown}
 u - a potion of degeneration {unknown}
 z - 2 potions of invisibility {unknown}
 A - 3 potions of resistance {unknown}


   Skills:
 + Level 6.2 Fighting
 + Level 6.1 Axes
 + Level 5.7 Armour
 + Level 5.6 Shields
 + Level 3.3 Invocations
 - Level 1.8 Evocations


You had 7 spell levels left.
You didn't know any spells.
Your spell library contained the following spells:

 Spells                   Type           Power      Damage    Failure   Level
 Animate Skeleton         Necr           0%         N/A       98%         1
 Apportation              Tloc           0%         N/A       98%         1
 Beastly Appendage        Tmut           0%         N/A       98%         1
 Corona                   Hex            0%         N/A       98%         1
 Summon Small Mammal      Summ           0%         N/A       98%         1
 Wereblood                Tmut           0%         N/A       99%         2
 Spider Form              Tmut/Pois      0%         N/A       100%        3


Dungeon Overview and Level Annotations

Branches:
Dungeon (5/15)            Ossuary (visited)
 Temple: D:4-7

Altars:
Ashenzari
Cheibriados
Dithmenos
Nemelex Xobeh
Sif Muna
The Shining One

Shops:
D:3 =

Annotations:
D:2 Edmund


Message History

Beogh accepts your kill.
You see here an adder corpse.
Grinder hits you but does no damage.
You hit Grinder.
Grinder is severely wounded.
Your +0 spectral war axe hits Grinder!
You kill Grinder!
Beogh accepts your kill.
Your Fighting skill increases to level 6!
Your Axes skill increases to level 6!
Your Invocations skill increases to level 3!
You have reached level 8!
An ogre comes into view. It is wielding a +0 giant club.
The ogre shouts!
You slice the ogre!!
The ogre is severely wounded.
Your +0 spectral war axe hits the ogre!!
You kill the ogre!
Beogh accepts your kill.
A scorpion comes into view.
A two-headed ogre comes into view.
It is wielding a +0 giant spiked club and a +0 giant club.
The scorpion barely misses you.
You hit the scorpion but do no damage. The scorpion stings you.
You slash the scorpion!
The scorpion is severely wounded.
You block the scorpion's attack.
You hit the two-headed ogre but do no damage.
The two-headed ogre hits you with a +0 giant spiked club!!
You block the two-headed ogre's attack.
You barely miss the two-headed ogre.
The two-headed ogre hits you but does no damage. x2
You barely miss the two-headed ogre.
The two-headed ogre hits you with a +0 giant spiked club!
The two-headed ogre barely misses you.
You slash the two-headed ogre!
The two-headed ogre is moderately wounded.
The two-headed ogre hits you with a +0 giant spiked club!!
* * * LOW HITPOINT WARNING * * *
The two-headed ogre hits you with a +0 giant club!
You die...

#.........#.8...8.######
#.......#.......#....# #O#.#
#O8..Z8.####.##### ##.).#
#.......#......... #....#
#.8y..8.####.##### #.##s#
#...<...# #.# #. #.#
######### #.#
##.#.##.#####..# #.#####
#.........sO@..# #.#....
..........####.# #...#..
.#..8..#..## #.# ##..###.
#.....##..###†#######..##_##
#..#.#.
##...............##'.
..##.## ##.##.#########..#..
.# .. ...##.# ##...P ..
..8..##.# #.... ##....##.#
##.#.


You could see a two-headed ogre and a scorpion.

Vanquished Creatures
  Grinder (D:5)
  Menkaure (D:4)
  A black bear (D:4)
  2 ogres (D:5)
  A phantom (D:5)
  A crimson imp (D:4)
  Crazy Yiuf (D:2)
  A hound skeleton (D:4)
  2 hound zombies (Ossuary)
  4 mummies (Ossuary)
  10 adders
  A white imp (D:4)
  3 adder zombies (Ossuary)
  An adder skeleton (D:5)
  4 worms
  3 dart slugs
  3 orcs
  2 endoplasms
  4 giant cockroaches
  8 goblins
  7 hobgoblins
  2 quokkas
  3 ball pythons
  3 bats
  A frilled lizard (D:3)
  4 goblin zombies (Ossuary)
  A jackal zombie (Ossuary)
  8 kobolds
  An orc zombie (Ossuary)
  2 rats (D:2)
  A rat zombie (Ossuary)
87 creatures vanquished.

Vanquished Creatures (others)
  3 fungi (D:2)
3 creatures vanquished.

Grand Total: 90 creatures vanquished

Notes
Turn   | Place    | Note
-------+----------+-------------------------------------------
     0 | D:1      | Metae the Hill Orc Fighter began the quest for the Orb.
     0 | D:1      | Reached XP level 1. HP: 19/19 MP: 1/1
   438 | D:1      | Reached XP level 2. HP: 24/27 MP: 2/2
  1057 | D:2      | Reached XP level 3. HP: 33/33 MP: 3/3
  1428 | D:2      | Reached XP level 4. HP: 40/40 MP: 4/4
  2022 | D:2      | Found a runed translucent door.
  2023 | D:2      | Noticed Crazy Yiuf
  2090 | D:3      | Found Jaozem's Jewellery Shop.
  2319 | D:3      | Found a broken altar of Ashenzari.
  2426 | D:3      | Reached XP level 5. HP: 46/47 MP: 5/5
  2574 | D:3      | Found a snail-covered altar of Cheibriados.
  2632 | D:3      | Found a sparkling altar of Nemelex Xobeh.
  2885 | D:2      | Killed Crazy Yiuf
  2996 | D:4      | Noticed a black bear
  3008 | D:4      | Killed a black bear
  3009 | D:4      | Reached skill level 1 in Evocations
  3009 | D:4      | Reached XP level 6. HP: 16/55 MP: 6/6
  3454 | D:4      | Found a shimmering blue altar of Sif Muna.
  3461 | D:4      | Noticed Menkaure
  3471 | D:4      | HP: 2/55 [Menkaure (6)]
  3473 | D:4      | Killed Menkaure
  3474 | D:4      | Reached skill level 5 in Fighting
  3717 | D:4      | Identified the +3 quarterstaff "Rilab" {flame, +Rage Int+2}
  3766 | D:4      | Became a worshipper of Beogh the Brigand
  3878 | D:4      | Found a shadowy altar of Dithmenos.
  3957 | D:4      | Noticed Edmund
  4381 | D:4      | Reached skill level 5 in Axes
  4582 | D:4      | Reached XP level 7. HP: 61/61 MP: 7/7
  4712 | D:5      | Entered Level 5 of the Dungeon
  4712 | D:5      | Noticed a hornet
  4760 | D:5      | Reached skill level 1 in Invocations
  4830 | D:5      | Found a sand-covered staircase.
  4834 | Ossuary  | Entered an ossuary
  4843 | Ossuary  | Reached skill level 5 in Armour
  4972 | Ossuary  | Reached skill level 5 in Shields
  5272 | D:5      | Found a glowing golden altar of the Shining One.
  5404 | D:5      | Noticed Grinder
  5406 | D:5      | Paralysed by Grinder for 4 turns
  5423 | D:5      | Killed Grinder
  5424 | D:5      | Reached XP level 8. HP: 70/70 MP: 8/10
  5442 | D:5      | Noticed a two-headed ogre
  5459 | D:5      | Slain by a two-headed ogre

Illustrated notes

Levels and vault maps discovered:
D:1:      dpeg_arrival_connections, layout_basic, serial_corexii_hall,
          chequers_hall_statues_y, corexii_hall_statues_l, minivault_23,
          minmay_cupped
D:2:      minmay_general_purpose_star, layout_basic, uniq_crazy_yiuf_cottage
D:3:      layout_rooms, nemelex_spade_bored_becter,
          mainiacjoe_overflow_alcove_4, chei_slow_surprise, serial_shops,
          shop_fountains
D:4:      layout_basic, old_standard_altar, amcnicky_altar_gilded,
          minmay_fire_ice_demons, uniq_menkaure, uniq_edmund
D:5:      layout_loops_ring, kennysheep_mini_moat, tso_oasis_becter,
          minmay_temple_entry_waves, serial_shops, shop, enter_ossuary_5,
          kennysheep_pointless_box, grunt_ministairs_3,
          kennysheep_generic_room_13, uniq_prince_ribbit1, uniq_grinder

Skill      XL: |  1  2  3  4  5  6  7 |
---------------+----------------------+-----
Axes           | 3 4 5 6 |  6.1
Fighting       | 4 5 6 |  6.2
Armour         | 4 5 |  5.7
Shields        | 4 5 |  5.6
Evocations     | 1 |  1.8
Invocations    | 3 |  3.3

Action                   |  1- 3 |  4- 6 |  7- 9 || total
-------------------------+-------+-------+-------++-------
Melee: War axe           |    80 |   104 |    47 ||   231
Invok: Convert to Beogh  |       |     1 |       ||     1
  Use: Potion            |       |     3 |       ||     3
       Scroll            |       |     1 |     6 ||     7
Armor: Scale mail        |    30 |    57 |    35 ||   122
Dodge: Dodged            |    29 |    24 |    11 ||    64
Block: Kite shield       |    50 |    52 |    31 ||   133
